 Dungeon Crawl Stone Soup version 0.26.1-11-gd32895ea62 (webtiles) character file.

Game seed: 7933365650585918554

50 ziltoidlt the Grave Robber (level 3, 26/26 HPs)
             Began as a Demonspawn Necromancer on June 9, 2021.
             Quit the game on level 2 of the Dungeon.
             The game lasted 00:23:53 (2040 turns).

ziltoidlt the Grave Robber (Demonspawn Necromancer) Turns: 2040, Time: 00:23:53

Health: 26/26      AC:  6    Str:  9    XL:     3   Next: 55%
Magic:  6/6        EV: 12    Int: 16    God:
Gold:   79         SH:  0    Dex: 13    Spells: 4/6 levels left

rFire    . . .     SeeInvis .   b - +0 hunting sling
rCold    + . .     Faith    .   (no shield)
rNeg     . . .     Spirit   .   h - +0 robe (curse)
rPois    .         Reflect  .   i - +0 helmet
rElec    .         Harm     .   l - +2 cloak
rCorr    .         Rampage  .   (no gloves)
Will     .....                  (no boots)
Stlth    ++........             (no amulet)
HPRegen  0.08/turn              (no ring)
MPRegen  0.10/turn              (no ring)

@: no status effects
A: cold resistance 1
a: no special abilities


You were on level 2 of the Dungeon.
You visited 1 branch of the dungeon, and saw 2 of its levels.

You collected 79 gold pieces.

Inventory:

Hand Weapons
 a - a +0 dagger
 b - a +0 hunting sling (weapon)
 g - a +0 club
 r - a cursed +0 spear
Missiles
 k - 21 stones (quivered ammo)
 o - 12 poisoned darts
 q - 5 boomerangs
Armour
 h - a cursed +0 robe (worn)
 i - a +0 helmet (worn)
 l - a +2 cloak (worn)
Scrolls
 d - a scroll of remove curse {unknown}
 f - 2 scrolls of amnesia {unknown}
 j - a scroll of identify {unknown}
 p - a scroll of random uselessness {unknown}
Potions
 c - 2 potions of cancellation {unknown}
 e - a potion of curing {unknown}
 m - 3 potions of might {unknown}
 n - a potion of magic {unknown}


   Skills:
 + Level 1.6 Fighting
 + Level 0.5 Armour
 - Level 2.0 Dodging
 - Level 1.7 Stealth
 * Level 2.3 Spellcasting
 * Level 5.0 Necromancy


You had 4 spell levels left.
You knew the following spells:

 Your Spells              Type           Power        Failure   Level
a - Animate Skeleton      Necr           34%          2%          1
b - Pain                  Necr           68%          2%          1

Your spell library contained the following spells:

 Spells                   Type           Power        Failure   Level
 Vampiric Draining        Necr           8%           8%          3
 Animate Dead             Necr           8%           26%         4
 Agony                    Necr           17%          56%         5


Dungeon Overview and Level Annotations

Branches:
Dungeon (2/15)

Altars:

Annotations:
D:2 1 exclusion


Innate Abilities, Weirdness & Mutations

Your flesh is cold resistant. (rC+)


Message History

Before your eyes, flesh is ripped from the corpse!
The dead are walking!
You see here a spear.
r - a spear
k - 20 stones (gained 1)
k - 21 stones (gained 1)
You see here a +0 club.
k - 22 stones (gained 1)
A goblin comes into view. It is wielding a +0 hand axe.
Fire: 22 stones
Press: ? - help, Q - select action, (/) - cycle Shift-Dir - straight line, f - goblin
Aim: a goblin, wielding a +0 hand axe and quivering 22 stones (47% to hit)
You shoot a stone. The stone hits the goblin.
You kill the goblin!
Your Necromancy skill increases to level 5!
Okay, then.
Level annotation: 1 exclusion Welcome back, ziltoidlt the Demonspawn Necromancer.
Press ? for a list of commands and other information.
Are you sure you want to abandon this character and quit the game? (Confirm with "yes".)

.......^.# ...# #..... .........#
#...# #.....
...#.########...############.....
....g..h.)...(.............'.....
...#.#####.......####.######.....
...... .'.(.......##.#..........
..#### #.......).##.#.........#
.. #.........##.#.........# .
#......@## #.#.........# .
#.....)Z## #.#.........#
#######..# #.#.........#
##.###.########### #..##.#
##.##.# # #..#.# # ##.#.# # #...#
#


You could see a friendly kobold skeleton.

Vanquished Creatures
  2 worms (D:2)
  4 dart slugs (D:1)
  2 leopard geckos
  A ball python (D:1)
  5 bats
  2 giant cockroaches
  4 goblins
  3 hobgoblins
  2 kobolds
  A frilled lizard (D:1)
  4 rats
30 creatures vanquished.

Vanquished Creatures (collateral kills)
  A hobgoblin (D:1)
1 creature vanquished.

Grand Total: 31 creatures vanquished

Notes
Turn   | Place    | Note
-------+----------+-------------------------------------------
     0 | D:1      | ziltoidlt the Demonspawn Necromancer began the quest for
                  | the Orb.
     0 | D:1      | Reached XP level 1. HP: 13/13 MP: 3/3
   106 | D:1      | You fall into a shaft and drop 1 floor!
   397 | D:1      | Reached skill level 1 in Fighting
   397 | D:1      | Gained mutation: Your flesh is cold resistant. (rC+)
                  | [demonic ancestry]
   397 | D:1      | Reached XP level 2. HP: 18/21 MP: 0/5
   452 | D:1      | Learned a level 1 spell: Animate Skeleton
  1260 | D:1      | Reached XP level 3. HP: 26/26 MP: 6/6
  2040 | D:2      | Reached skill level 5 in Necromancy
  2040 | D:2      | Quit the game

Illustrated notes

Levels and vault maps discovered:
D:1:      dpeg_arrival_subterranean_lakeside_camping, layout_basic,
          minmay_misc_feat_ornament
D:2:      layout_basic

Skill      XL: |  1  2  3 |
---------------+----------+-----
Fighting       | 1 |  1.6
Dodging        | 2 |  2.0
Necromancy     | 5 |  5.0
Armour         | |  0.5
Stealth        | |  1.7
Spellcasting   | |  2.3

Action                   || total
-------------------------++-------
Melee: Dagger            ||    15
 Fire: Hunting sling     ||    44
Throw: Stone             ||    16
 Cast: Pain              ||    48
       Animate Skeleton  ||     9
  Use: Scroll            ||     1
Armor: Robe              ||    12
Dodge: Dodged            ||    38
